[Event "DSAM Bad Wildungen 2024"]
[Site "Bad Wildungen"]
[Date "2024.08.02"]
[Round "4.1"]
[White "Voicu-Jagodzinsky, Carmen"]
[Black "Boehme, Sebastian"]
[Result "1-0"]
[Annotator "ChessBase"]
[ECO "C11"]
[WhiteElo "2227"]
[BlackElo "2232"]
[PlyCount "115"]
[EventDate "2024.07.31"]
[EventCountry "GER"]
[SourceTitle "playchess.com"]
[Source "ChessBase"]
[SourceQuality "1"]
[TimeControl "40/5400+30:900+30"]

1. e4 e6 2. d4 d5 3. Nc3 Nf6 4. e5 Nfd7 5. Nf3 c5 6. dxc5 Nc6 7. Bf4 Bxc5 8. Bd3 f6 9. exf6 Qxf6 10. Bg5 Qf7 11. O-O O-O 12. Bh4 Qh5 13. Bg3 Nf6 14. a3 Bd7 15. b4 Be7 16. Re1 Nxb4 17. axb4 Bxb4 18. Be5 Rac8 19. Rxa7 Bxc3 20. Bxc3 Rxc3 21. Rxb7 Rfc8 22. h3 Ba4 23. Qe2 e5 24. Qxe5 Qxe5 25. Rxe5 R3c7 26. Rxc7 Rxc7 27. Nd4 Be8 28. g4 h6 29. f4 Bd7 30. g5 Nh5 31. Ne2 hxg5 32. fxg5 Rc6 33. Rxd5 Be6 34. Rd8+ Kf7 35. Rh8 g6 36. Rh7+ Kg8 37. Bxg6 Bc4 38. Rxh5 Bxe2 39. Rh6 Kg7 40. Bd3 Rc5 41. Rg6+ Kf7 42. Rf6+ Kg7 43. Rf5 Rc3 44. Bxe2 Rxc2 45. Kf2 Kg6 46. Re5 Rc3 47. h4 Ra3 48. h5+ Kg7 49. Bf3 Kh8 50. Kg3 Rc3 51. h6 Rc8 52. Kg4 Rd8 53. g6 Rg8 54. Kg5 Rb8 55. g7+ Kh7 56. Be4+ Kg8 57. Bd5+ Kh7 58. g8=Q+ 1-0

[Event "DSAM Bad Wildungen 2024"]
[Site "Bad Wildungen"]
[Date "2024.08.02"]
[Round "4.2"]
[White "Marcziter, Dmitrii"]
[Black "Kracht, Raphael"]
[Result "1/2-1/2"]
[Annotator "ChessBase"]
[ECO "D39"]
[WhiteElo "2204"]
[BlackElo "2199"]
[PlyCount "101"]
[EventDate "2024.07.31"]
[EventCountry "GER"]
[SourceTitle "playchess.com"]
[Source "ChessBase"]
[SourceQuality "1"]
[TimeControl "40/5400+30:900+30"]

1. d4 Nf6 2. c4 e6 3. Nf3 d5 4. Bg5 Bb4+ 5. Nc3 dxc4 6. Qa4+ Nc6 7. e3 Bd7 8. Qc2 b5 9. Be2 Rb8 10. O-O Bxc3 11. bxc3 Ne7 12. Ne5 h6 13. Bxf6 gxf6 14. Nxd7 Qxd7 15. e4 c5 16. Rad1 cxd4 17. cxd4 Rb6 18. Bg4 Qc7 19. Rfe1 Rg8 20. Bh3 Ng6 21. g3 Kf8 22. Bg2 Rd6 23. Qc3 Kg7 24. f4 e5 25. fxe5 fxe5 26. d5 Qc5+ 27. Kh1 b4 28. Qf3 Rf6 29. Qg4 c3 30. h4 Kh7 31. h5 Nf8 32. Qh4 Rg5 33. Bh3 c2 34. Rc1 Rf2 35. Bf5+ Kg7 36. g4 Qd4 37. Qg3 Qd2 38. Qxe5+ Kg8 39. Qg3 Nh7 40. d6 Nf6 41. d7 Rfxf5 42. Rxc2 Qxd7 43. exf5 Rxg4 44. Qf3 Kh7 45. Rg1 Rh4+ 46. Rh2 Rd4 47. Rh3 a5 48. Rhg3 Rh4+ 49. Rh3 Rd4 50. Rhg3 Rh4+ 51. Rh3 1/2-1/2

[Event "DSAM Bad Wildungen 2024"]
[Site "Bad Wildungen"]
[Date "2024.08.02"]
[Round "4.3"]
[White "Zimmermann, Klemens"]
[Black "Dathe, Frederick"]
[Result "1/2-1/2"]
[Annotator "ChessBase"]
[ECO "D27"]
[WhiteElo "2198"]
[BlackElo "2247"]
[PlyCount "54"]
[EventDate "2024.07.31"]
[EventCountry "GER"]
[SourceTitle "playchess.com"]
[Source "ChessBase"]
[SourceQuality "1"]
[TimeControl "40/5400+30:900+30"]

1. d4 d5 2. c4 dxc4 3. e3 Nf6 4. Bxc4 e6 5. Nf3 c5 6. O-O a6 7. b3 cxd4 8. Nxd4 Bd7 9. Bb2 Nc6 10. Nd2 Be7 11. N2f3 O-O 12. Rc1 Rc8 13. Qe2 Qa5 14. a3 Rfd8 15. b4 Qh5 16. Rfd1 Nxd4 17. Bxd4 Ba4 18. Re1 b5 19. Bd3 Qd5 20. Qb2 h6 21. Rxc8 Rxc8 22. Rc1 Rd8 23. Qc3 Qb3 24. Ne5 Qxc3 25. Rxc3 Nd5 26. Nc6 Nxc3 27. Nxd8 Bxd8 1/2-1/2

[Event "DSAM Bad Wildungen 2024"]
[Site "Bad Wildungen"]
[Date "2024.08.02"]
[Round "4.4"]
[White "Huesmann, Thomas"]
[Black "Kocharin, Timur"]
[Result "1/2-1/2"]
[Annotator "ChessBase"]
[ECO "B11"]
[WhiteElo "2165"]
[BlackElo "2297"]
[PlyCount "104"]
[EventDate "2024.07.31"]
[EventCountry "GER"]
[SourceTitle "playchess.com"]
[Source "ChessBase"]
[SourceQuality "1"]
[TimeControl "40/5400+30:900+30"]

1. e4 c6 2. Nf3 d5 3. Nc3 Bg4 4. h3 Bxf3 5. Qxf3 e6 6. d3 Nd7 7. Qg3 h5 8. h4 g6 9. Be2 Bg7 10. O-O Bf6 11. Bg5 Bxg5 12. Qxg5 Qxg5 13. hxg5 d4 14. Nb1 e5 15. Nd2 f6 16. gxf6 Ngxf6 17. f4 exf4 18. Rxf4 Ke7 19. c3 c5 20. cxd4 cxd4 21. Raf1 Rhf8 22. Nf3 Rad8 23. Nxd4 Ne5 24. Nf3 Nxd3 25. Bxd3 Rxd3 26. Ne5 Rg3 27. Nc4 Nd7 28. Rxf8 Nxf8 29. Ne5 Rg5 30. Nd3 Ne6 31. Rc1 Rg4 32. e5 Rg3 33. Rd1 h4 34. Kf2 Ng5 35. Ne1 Ne4+ 36. Kf1 Ke6 37. Rd8 Kxe5 38. Nf3+ Kf4 39. Nxh4 Rg5 40. Rg8 Ke3 41. Rxg6 Rc5 42. Kg1 Rc1+ 43. Kh2 Rc2 44. Nf5+ Kf4 45. Ng3 Ng5 46. Rf6+ Kg4 47. Rg6 Kf4 48. Rf6+ Kg4 49. Rg6 Rxb2 50. Ne4 Kf5 51. Rxg5+ Kxe4 52. Ra5 a6 1/2-1/2

[Event "DSAM Bad Wildungen 2024"]
[Site "Bad Wildungen"]
[Date "2024.08.02"]
[Round "4.5"]
[White "Kocak, Ediz"]
[Black "Gassmann, Volker"]
[Result "1-0"]
[Annotator "ChessBase"]
[ECO "D02"]
[WhiteElo "2166"]
[BlackElo "2077"]
[PlyCount "61"]
[EventDate "2024.07.31"]
[EventCountry "GER"]
[SourceTitle "playchess.com"]
[Source "ChessBase"]
[SourceQuality "1"]
[TimeControl "40/5400+30:900+30"]

1. d4 c5 2. c3 e6 3. Nf3 Nf6 4. Bf4 b6 5. h3 Bb7 6. e3 Be7 7. Nbd2 O-O 8. Bd3 d5 9. Qb1 Re8 10. g4 cxd4 11. exd4 g6 12. Rg1 Nbd7 13. h4 Ne4 14. Nxe4 dxe4 15. Bxe4 Bxe4 16. Qxe4 Nf6 17. Qe2 Qd5 18. Nd2 Rac8 19. Qf3 Qxf3 20. Nxf3 b5 21. Rc1 h5 22. g5 Nd5 23. Be5 Nb6 24. Ke2 b4 25. cxb4 Bxb4 26. a3 Be7 27. Nd2 a5 28. Kd3 Na4 29. Nc4 Red8 30. Ke4 Rc6 31. Nxa5 1-0

[Event "DSAM Bad Wildungen 2024"]
[Site "Bad Wildungen"]
[Date "2024.08.02"]
[Round "4.6"]
[White "Diller, Daniel"]
[Black "Sydykov, Bayastan"]
[Result "1/2-1/2"]
[Annotator "ChessBase"]
[ECO "D02"]
[WhiteElo "2140"]
[BlackElo "2246"]
[PlyCount "113"]
[EventDate "2024.07.31"]
[EventCountry "GER"]
[SourceTitle "playchess.com"]
[Source "ChessBase"]
[SourceQuality "1"]
[TimeControl "40/5400+30:900+30"]

1. d4 d5 2. Nf3 Nf6 3. Bf4 c5 4. e3 e6 5. Nbd2 Qb6 6. Rb1 Bd6 7. Bxd6 Qxd6 8. dxc5 Qxc5 9. c4 O-O 10. cxd5 Qxd5 11. Nc4 Nc6 12. Be2 Rd8 13. Qxd5 exd5 14. Nce5 Nxe5 15. Nxe5 Bf5 16. Rc1 d4 17. Bc4 Bg6 18. Nxg6 hxg6 19. Ke2 Re8 20. Rhd1 dxe3 21. fxe3 Rad8 22. Rxd8 Rxd8 23. Bb3 Ne8 24. Rc5 Kf8 25. Ra5 a6 26. Rd5 Rxd5 27. Bxd5 b6 28. Kd3 Nc7 29. Bb7 Ke7 30. b4 Kd6 31. Kc4 g5 32. a4 b5+ 33. axb5 axb5+ 34. Kd4 Ne6+ 35. Ke4 g6 36. g4 Nc7 37. Kd4 f5 38. gxf5 gxf5 39. Bc8 Ne6+ 40. Kd3 Ke5 41. Bd7 Nc7 42. Ke2 Nd5 43. Kf3 Nxb4 44. Bxb5 Nd5 45. Bc6 Nf6 46. h3 Ng8 47. Bb7 Nf6 48. Bc6 Ke6 49. Bb7 Kf7 50. e4 fxe4+ 51. Bxe4 Nxe4 52. Kxe4 Kg6 53. Kf3 Kf5 54. Kg3 Kg6 55. Kg4 Kh6 56. h4 gxh4 57. Kxh4 1/2-1/2

[Event "DSAM Bad Wildungen 2024"]
[Site "Bad Wildungen"]
[Date "2024.08.02"]
[Round "4.7"]
[White "Rolle, Eric"]
[Black "Dauth, Benjamin"]
[Result "1/2-1/2"]
[Annotator "ChessBase"]
[ECO "A28"]
[WhiteElo "2167"]
[BlackElo "2247"]
[PlyCount "33"]
[EventDate "2024.07.31"]
[EventCountry "GER"]
[SourceTitle "playchess.com"]
[Source "ChessBase"]
[SourceQuality "1"]
[TimeControl "40/5400+30:900+30"]

1. c4 e5 2. Nc3 Nc6 3. Nf3 Nf6 4. e3 Be7 5. a3 O-O 6. Qc2 a6 7. Nd5 d6 8. Be2 Be6 9. Nxe7+ Qxe7 10. d3 d5 11. cxd5 Bxd5 12. e4 Be6 13. Be3 Rfd8 14. Qc3 Bg4 15. O-O Bxf3 16. Bxf3 Nd4 17. Bxd4 1/2-1/2

[Event "DSAM Bad Wildungen 2024"]
[Site "Bad Wildungen"]
[Date "2024.08.02"]
[Round "4.8"]
[White "Bartelt, Max Peter"]
[Black "Kamp, Adrian"]
[Result "1/2-1/2"]
[Annotator "ChessBase"]
[ECO "D02"]
[WhiteElo "2069"]
[BlackElo "2120"]
[PlyCount "37"]
[EventDate "2024.07.31"]
[EventCountry "GER"]
[SourceTitle "playchess.com"]
[Source "ChessBase"]
[SourceQuality "1"]
[TimeControl "40/5400+30:900+30"]

1. d4 d5 2. Bf4 Nf6 3. e3 g6 4. Nf3 Bg7 5. Bd3 O-O 6. O-O c5 7. c3 Nc6 8. Nbd2 Nh5 9. Bg5 h6 10. Bh4 Qb6 11. Rb1 e5 12. dxe5 Nxe5 13. Nxe5 Bxe5 14. Be2 Bf6 15. Qa4 Ng7 16. Bxf6 Qxf6 17. Bf3 Be6 18. e4 Rfd8 19. Rbd1 1/2-1/2

[Event "DSAM Bad Wildungen 2024"]
[Site "Bad Wildungen"]
[Date "2024.08.02"]
[Round "4.9"]
[White "Menzel, Maximilian"]
[Black "Herter, Arne"]
[Result "0-1"]
[Annotator "ChessBase"]
[ECO "A49"]
[WhiteElo "2108"]
[BlackElo "2065"]
[PlyCount "61"]
[EventDate "2024.07.31"]
[EventCountry "GER"]
[SourceTitle "playchess.com"]
[Source "ChessBase"]
[SourceQuality "1"]
[TimeControl "40/5400+30:900+30"]

1. d4 Nf6 2. Nf3 g6 3. g3 Bg7 4. Bg2 O-O 5. O-O d6 6. b3 c5 7. Bb2 Nc6 8. d5 Nb4 9. c4 Bd7 10. a3 Na6 11. Ne1 b5 12. Nd2 Rb8 13. Nd3 Nc7 14. e4 e6 15. e5 dxe5 16. Bxe5 bxc4 17. Nxc5 Nfxd5 18. Bxg7 Kxg7 19. bxc4 Nf6 20. Qc2 Qe7 21. Ndb3 e5 22. Nxd7 Nxd7 23. c5 Qe6 24. c6 Qxb3 25. Qxb3 Rxb3 26. cxd7 Rd8 27. Rfd1 Kf6 28. f4 exf4 29. gxf4 Ne6 30. Bd5 Rb6 31. Bc4 0-1

[Event "DSAM Bad Wildungen 2024"]
[Site "Bad Wildungen"]
[Date "2024.08.02"]
[Round "4.11"]
[White "Musiienko, Tymur"]
[Black "Vladov, Arsenii"]
[Result "1-0"]
[Annotator "ChessBase"]
[ECO "B07"]
[WhiteElo "2093"]
[BlackElo "2063"]
[PlyCount "137"]
[EventDate "2024.07.31"]
[EventCountry "GER"]
[SourceTitle "playchess.com"]
[Source "ChessBase"]
[SourceQuality "1"]
[TimeControl "40/5400+30:900+30"]

1. e4 d6 2. d4 Nf6 3. Nc3 c6 4. Nf3 Bg4 5. h3 Bh5 6. Be3 e6 7. Bd3 d5 8. O-O Be7 9. Qe2 Bg6 10. Bf4 O-O 11. Rad1 Qb6 12. e5 Nfd7 13. Bxg6 fxg6 14. Bg5 Qd8 15. h4 Na6 16. Qd2 h6 17. Bxe7 Qxe7 18. Ne2 Nb6 19. b3 Rac8 20. a4 Nd7 21. c4 Nb4 22. Nf4 Qf7 23. Qxb4 Qxf4 24. Qxb7 Nb8 25. Qb4 Rf7 26. Rd3 Rcf8 27. Qc3 Qg4 28. c5 Rf5 29. b4 Rh5 30. g3 Qf5 31. Nh2 Qf7 32. Rf3 Rf5 33. Rxf5 gxf5 34. f4 a6 35. Kg2 Qh5 36. Qf3 Qe8 37. Rb1 Rf7 38. Nf1 Rb7 39. Qe2 g5 40. hxg5 hxg5 41. fxg5 Rg7 42. Nd2 Qg6 43. Qe3 Qxg5 44. Qxg5 Rxg5 45. Kf3 Rh5 46. Kg2 Rg5 47. Rf1 Rg4 48. Rf4 Rg7 49. Rf3 Rg4 50. Nb3 Rg7 51. Na5 Ra7 52. Rf4 Rc7 53. Rh4 Kg7 54. Kf3 Nd7 55. Kf4 Nf8 56. Rh5 Ng6+ 57. Kg5 Nh8 58. Rxh8 Kxh8 59. Kf6 Rg7 60. Kxe6 Rxg3 61. Kxf5 Kg7 62. Ke6 Ra3 63. Nxc6 Rxa4 64. Kxd5 Kf7 65. Kd6 Ke8 66. d5 Ra1 67. Kc7 Rh1 68. d6 Rh7+ 69. Kc8 1-0

[Event "DSAM Bad Wildungen 2024"]
[Site "Bad Wildungen"]
[Date "2024.08.02"]
[Round "4.12"]
[White "Heck, Norbert"]
[Black "Tueckmantel, Rene"]
[Result "1/2-1/2"]
[Annotator "ChessBase"]
[ECO "D11"]
[WhiteElo "2099"]
[BlackElo "2057"]
[PlyCount "73"]
[EventDate "2024.07.31"]
[EventCountry "GER"]
[SourceTitle "playchess.com"]
[Source "ChessBase"]
[SourceQuality "1"]
[TimeControl "40/5400+30:900+30"]

1. c4 c6 2. Nf3 Nf6 3. d4 d5 4. Nbd2 Bf5 5. Nh4 e6 6. Qb3 Qd7 7. e3 Bd6 8. g3 Bg6 9. Bg2 O-O 10. Nxg6 hxg6 11. O-O Qc7 12. Qc2 Nbd7 13. f4 c5 14. cxd5 exd5 15. Nf3 Qb6 16. Bd2 cxd4 17. Nxd4 Rac8 18. Qb3 Ne4 19. Rfd1 Qxb3 20. axb3 Bc5 21. Bxe4 dxe4 22. Bc3 Nf6 23. Rd2 Rfd8 24. h3 Nd5 25. Kf2 a6 26. Rad1 Nb4 27. Bxb4 Bxb4 28. Re2 Rd5 29. Ra1 Rdc5 30. g4 a5 31. h4 Rc1 32. Rxc1 Rxc1 33. Rc2 Rh1 34. Kg2 Re1 35. Kf2 Rh1 36. Kg2 Re1 37. Kf2 1/2-1/2

[Event "DSAM Bad Wildungen 2024"]
[Site "Bad Wildungen"]
[Date "2024.08.02"]
[Round "4.13"]
[White "Belz, Frank-Martin"]
[Black "Meier, David Geffrey"]
[Result "1-0"]
[Annotator "ChessBase"]
[ECO "A26"]
[WhiteElo "2015"]
[BlackElo "2105"]
[PlyCount "71"]
[EventDate "2024.07.31"]
[EventCountry "GER"]
[SourceTitle "playchess.com"]
[Source "ChessBase"]
[SourceQuality "1"]
[TimeControl "40/5400+30:900+30"]

1. Nf3 f5 2. c4 Nf6 3. g3 g6 4. Bg2 Bg7 5. Nc3 d6 6. d3 O-O 7. O-O Nc6 8. Rb1 e5 9. Bd2 h6 10. b4 g5 11. b5 Ne7 12. c5 Ng6 13. cxd6 cxd6 14. b6 a6 15. Qb3+ Kh8 16. Na4 Qe7 17. Bb4 Be6 18. Qa3 Rfd8 19. Rbc1 Nd5 20. Ba5 Qe8 21. Nd2 Qb5 22. Nc3 Nxc3 23. Rxc3 d5 24. Rb1 Qe8 25. Rc7 Rd7 26. Rbc1 e4 27. Nb3 Be5 28. Nc5 Rxc7 29. bxc7 b5 30. Nxe6 Qxe6 31. Qc5 Ne7 32. Bb4 Bf6 33. g4 fxg4 34. dxe4 dxe4 35. Rd1 Kg7 36. Rd6 1-0

[Event "DSAM Bad Wildungen 2024"]
[Site "Bad Wildungen"]
[Date "2024.08.02"]
[Round "4.14"]
[White "Pixa, Richard"]
[Black "Gaertner, Michael"]
[Result "1/2-1/2"]
[Annotator "ChessBase"]
[ECO "C41"]
[WhiteElo "2099"]
[BlackElo "2037"]
[PlyCount "64"]
[EventDate "2024.07.31"]
[EventCountry "GER"]
[SourceTitle "playchess.com"]
[Source "ChessBase"]
[SourceQuality "1"]
[TimeControl "40/5400+30:900+30"]

1. e4 d6 2. d4 Nf6 3. Nc3 Nbd7 4. Be3 e5 5. Nf3 Be7 6. Bc4 h6 7. O-O c6 8. a4 a5 9. Re1 Qc7 10. h3 g5 11. Nh2 Nf8 12. Nf1 Ng6 13. Ng3 Nf4 14. Bxf4 gxf4 15. Nf5 Rh7 16. Qd3 Be6 17. d5 Bxf5 18. exf5 Rg7 19. Ne4 Nxe4 20. Qxe4 Kd7 21. Ra3 Rag8 22. Bf1 Bh4 23. Re2 Qb6 24. Rb3 Qa7 25. dxc6+ bxc6 26. Rd2 Rg3 27. Qxe5 Qxf2+ 28. Rxf2 dxe5 29. Rff3 Rxf3 30. Rxf3 Rg3 31. Bd3 Kd6 32. Be4 Rxf3 1/2-1/2

[Event "DSAM Bad Wildungen 2024"]
[Site "Bad Wildungen"]
[Date "2024.08.02"]
[Round "4.15"]
[White "Derr, Oleg"]
[Black "Lu, Yunong Elias"]
[Result "1/2-1/2"]
[Annotator "ChessBase"]
[ECO "C42"]
[WhiteElo "1947"]
[BlackElo "1996"]
[PlyCount "41"]
[EventDate "2024.07.31"]
[EventCountry "GER"]
[SourceTitle "playchess.com"]
[Source "ChessBase"]
[SourceQuality "1"]
[TimeControl "40/5400+30:900+30"]

1. e4 e5 2. Nf3 Nf6 3. Nxe5 d6 4. Nf3 Nxe4 5. Nc3 Nxc3 6. dxc3 Be7 7. Be3 Be6 8. Be2 Nc6 9. Qd2 a6 10. a3 Qd7 11. Nd4 Ne5 12. Nxe6 Qxe6 13. h3 Nc4 14. Bxc4 Qxc4 15. Qd3 Qc6 16. O-O O-O 17. Rad1 Rae8 18. Rfe1 Bd8 19. Bd4 Re6 20. Re3 Rxe3 21. Bxe3 1/2-1/2

[Event "DSAM Bad Wildungen 2024"]
[Site "Bad Wildungen"]
[Date "2024.08.02"]
[Round "4.16"]
[White "Muendoerfer, Sebastian"]
[Black "Bender, Wolfgang"]
[Result "1/2-1/2"]
[Annotator "ChessBase"]
[ECO "B13"]
[WhiteElo "1988"]
[BlackElo "1923"]
[PlyCount "50"]
[EventDate "2024.07.31"]
[EventCountry "GER"]
[SourceTitle "playchess.com"]
[Source "ChessBase"]
[SourceQuality "1"]
[TimeControl "40/5400+30:900+30"]

1. e4 d5 2. exd5 Nf6 3. c4 c6 4. d4 cxd5 5. Nf3 Nc6 6. Nc3 Bg4 7. cxd5 Nxd5 8. Bc4 e6 9. Bb5 Bb4 10. Bd2 O-O 11. Bxc6 bxc6 12. h3 Bh5 13. O-O Rb8 14. g4 Bg6 15. Ne5 Bxc3 16. bxc3 Qh4 17. Kh2 Rb2 18. Nf3 Qe7 19. c4 Nb6 20. Ne5 Be4 21. f3 Rd8 22. fxe4 Rxd4 23. Qf3 Rdxd2+ 24. Kh1 Rh2+ 25. Kg1 Qc5+ 1/2-1/2

[Event "DSAM Bad Wildungen 2024"]
[Site "Bad Wildungen"]
[Date "2024.08.02"]
[Round "4.17"]
[White "Helms, Sven"]
[Black "Pick, Max"]
[Result "0-1"]
[Annotator "ChessBase"]
[ECO "C84"]
[WhiteElo "1960"]
[BlackElo "1906"]
[PlyCount "73"]
[EventDate "2024.07.31"]
[EventCountry "GER"]
[SourceTitle "playchess.com"]
[Source "ChessBase"]
[SourceQuality "1"]
[TimeControl "40/5400+30:900+30"]

1. e4 e5 2. Nf3 Nc6 3. Bb5 a6 4. Ba4 Nf6 5. d3 b5 6. Bb3 Be7 7. a4 Bb7 8. O-O d6 9. Nc3 b4 10. Ne2 O-O 11. Ng3 Bc8 12. c3 bxc3 13. bxc3 Na5 14. Bc2 c5 15. d4 Qc7 16. h3 h6 17. Qe2 Re8 18. Be3 Bf8 19. Rfc1 g6 20. Rab1 Bd7 21. Nd2 Bg7 22. d5 Kh7 23. Nc4 Rab8 24. Nxa5 Qxa5 25. Bd2 Ng8 26. c4 Qc7 27. Qe1 Ne7 28. Ba5 Qa7 29. Qc3 h5 30. Qf3 Kg8 31. Bd2 Rxb1 32. Rxb1 Rb8 33. Rxb8+ Qxb8 34. Qb3 Qxb3 35. Bxb3 Kf8 36. Ne2 f5 37. Nc3 0-1

[Event "DSAM Bad Wildungen 2024"]
[Site "Bad Wildungen"]
[Date "2024.08.02"]
[Round "4.18"]
[White "Andresen, Marc"]
[Black "Marcziter, Alex"]
[Result "0-1"]
[Annotator "ChessBase"]
[ECO "B33"]
[WhiteElo "1844"]
[BlackElo "2052"]
[PlyCount "56"]
[EventDate "2024.07.31"]
[EventCountry "GER"]
[SourceTitle "playchess.com"]
[Source "ChessBase"]
[SourceQuality "1"]
[TimeControl "40/5400+30:900+30"]

1. e4 c5 2. Nf3 Nc6 3. d4 cxd4 4. Nxd4 Nf6 5. Nc3 e5 6. Nb3 Bb4 7. f3 Nxe4 8. fxe4 Qh4+ 9. Ke2 Bxc3 10. bxc3 d5 11. Qd3 Bg4+ 12. Kd2 dxe4 13. g3 Qf6 14. Qe3 O-O-O+ 15. Bd3 exd3 16. cxd3 Bf5 17. Nc5 b6 18. Ne4 Bxe4 19. Qxe4 Qf2+ 20. Kd1 Rxd3+ 21. Qxd3 Rd8 22. Qxd8+ Kxd8 23. Bd2 Qf3+ 24. Kc2 Qe4+ 25. Kb2 Na5 26. Rad1 Nc4+ 27. Kc1 Kc7 28. Rhe1 Qc6 0-1

[Event "DSAM Bad Wildungen 2024"]
[Site "Bad Wildungen"]
[Date "2024.08.02"]
[Round "4.19"]
[White "Schmalz, Dirk"]
[Black "Willand, Oliver"]
[Result "0-1"]
[Annotator "ChessBase"]
[ECO "B06"]
[WhiteElo "1945"]
[BlackElo "1868"]
[PlyCount "50"]
[EventDate "2024.07.31"]
[EventCountry "GER"]
[SourceTitle "playchess.com"]
[Source "ChessBase"]
[SourceQuality "1"]
[TimeControl "40/5400+30:900+30"]

1. d4 g6 2. e4 d6 3. Nc3 Bg7 4. Be2 c6 5. Be3 Nd7 6. f4 e5 7. Nf3 Ne7 8. O-O O-O 9. Bc4 Nb6 10. Bb3 exf4 11. Bxf4 d5 12. Qd2 Be6 13. Ng5 Qd7 14. Nxe6 fxe6 15. e5 Rf7 16. Qd3 Raf8 17. Bg5 a6 18. Ne2 Na8 19. c3 c5 20. Qh3 Rxf1+ 21. Rxf1 Rxf1+ 22. Kxf1 Nc6 23. Ke1 Nc7 24. Qg4 Qf7 25. Bc2 cxd4 0-1

[Event "DSAM Bad Wildungen 2024"]
[Site "Bad Wildungen"]
[Date "2024.08.02"]
[Round "4.20"]
[White "Kettner-Nikolaus, Frank"]
[Black "Rose, Luis Stratos"]
[Result "1/2-1/2"]
[Annotator "ChessBase"]
[ECO "D02"]
[WhiteElo "1940"]
[BlackElo "1868"]
[PlyCount "50"]
[EventDate "2024.07.31"]
[EventCountry "GER"]
[SourceTitle "playchess.com"]
[Source "ChessBase"]
[SourceQuality "1"]
[TimeControl "40/5400+30:900+30"]

1. d4 d5 2. Bf4 Nf6 3. e3 g6 4. Nf3 Bg7 5. Bd3 O-O 6. O-O c5 7. c3 Nc6 8. Nbd2 Nh5 9. Bg5 h6 10. Bh4 Qb6 11. Rb1 e5 12. dxe5 Nxe5 13. Nxe5 Bxe5 14. Be2 Bf6 15. Qa4 Ng7 16. Bxf6 Qxf6 17. Bf3 Be6 18. e4 Rfd8 19. Rbd1 Qe5 20. exd5 Bxd5 21. Bxd5 Qxd5 22. Nf3 Qe6 23. Rxd8+ Rxd8 24. Qxa7 Qe2 25. h3 Qxb2 1/2-1/2

[Event "DSAM Bad Wildungen 2024"]
[Site "Bad Wildungen"]
[Date "2024.08.02"]
[Round "4.21"]
[White "Dubinker, Philipp"]
[Black "Langer, Paul Georg"]
[Result "1-0"]
[Annotator "ChessBase"]
[ECO "E05"]
[WhiteElo "1921"]
[BlackElo "1933"]
[PlyCount "63"]
[EventDate "2024.07.31"]
[EventCountry "GER"]
[SourceTitle "playchess.com"]
[Source "ChessBase"]
[SourceQuality "1"]
[TimeControl "40/5400+30:900+30"]

1. Nf3 Nf6 2. c4 e6 3. g3 d5 4. d4 Be7 5. Bg2 O-O 6. O-O dxc4 7. Qc2 a6 8. a4 b6 9. Nbd2 Bb7 10. Nxc4 Nbd7 11. Rd1 c5 12. Bf4 Be4 13. Qd2 cxd4 14. Nxd4 Bxg2 15. Kxg2 Qc8 16. Rac1 Qb7+ 17. f3 Nd5 18. Bd6 Bxd6 19. Nxd6 Qb8 20. Nc4 Ne5 21. e4 Nxc4 22. Rxc4 Ne7 23. Qb4 Ra7 24. Nc6 Nxc6 25. Rxc6 b5 26. a5 Rc7 27. Rxa6 Rd8 28. Qxb5 Rc2+ 29. Kh3 Qc8 30. Rc6 Rxc6 31. Qxc6 Qb8 32. Qb7 1-0

[Event "DSAM Bad Wildungen 2024"]
[Site "Bad Wildungen"]
[Date "2024.08.02"]
[Round "4.22"]
[White "Schmidt-Schaeffer, Sebastian"]
[Black "Reinecke, Katharina"]
[Result "0-1"]
[Annotator "ChessBase"]
[ECO "B11"]
[WhiteElo "2344"]
[BlackElo "1949"]
[PlyCount "40"]
[EventDate "2024.07.31"]
[EventCountry "GER"]
[SourceTitle "playchess.com"]
[Source "ChessBase"]
[SourceQuality "1"]
[TimeControl "40/5400+30:900+30"]

1. e4 c6 2. Nc3 d5 3. Nf3 Bg4 4. h3 Bxf3 5. Qxf3 e6 6. d4 dxe4 7. Qxe4 Nf6 8. Qd3 Bd6 9. Bd2 Nbd7 10. O-O-O Qc7 11. g3 b5 12. Bg2 Rc8 13. Rhe1 O-O 14. g4 b4 15. Ne4 Nxe4 16. Bxe4 c5 17. Bxh7+ Kh8 18. Be4 c4 19. Qf3 c3 20. Bg5 Qa5 0-1

[Event "DSAM Bad Wildungen 2024"]
[Site "Bad Wildungen"]
[Date "2024.08.02"]
[Round "4.23"]
[White "Roenker, Sebastian"]
[Black "Brixius, Dirk"]
[Result "1-0"]
[Annotator "NA"]
[ECO "D02"]
[WhiteElo "1851"]
[BlackElo "1809"]
[PlyCount "147"]
[EventDate "2024.07.31"]
[EventCountry "GER"]
[SourceTitle "playchess.com"]
[Source "ChessBase"]
[SourceQuality "1"]
[TimeControl "40/5400+30:900+30"]

1. d4 d5 2. Bf4 Nf6 3. Nf3 e6 4. e3 Bd6 5. Ne5 O-O 6. Nd2 Nfd7 7. Bd3 Nxe5 8. dxe5 Be7 9. Qh5 g6 10. Qh6 f5 11. Nf3 c5 12. c3 Nc6 13. Qh3 Qc7 14. g4 a5 15. Rg1 b6 16. Bh6 Rf7 17. gxf5 exf5 18. Bf4 Qb7 19. O-O-O Be6 20. Ng5 Bxg5 21. Rxg5 Kf8 22. Rdg1 Ke7 23. Qf1 c4 24. Be2 Re8 25. h4 Kd8 26. h5 Ne7 27. hxg6 hxg6 28. Qd1 b5 29. R5g3 Rg8 30. Bg5 Rfg7 31. Bf6 Ke8 32. Bxg7 Rxg7 33. Bh5 Kf7 34. f4 Qa8 35. Qd4 Qh8 36. Qd1 Rg8 37. Bf3 Rd8 38. Rh1 Qf8 39. Rgh3 Ke8 40. Rh8 Ng8 41. Qg1 Bf7 42. e6 Bxe6 43. Qxg6+ Kd7 44. R1h6 Re8 45. R6h7+ Kd6 46. Bh5 Re7 47. Rxe7 Qxe7 48. Rxg8 Kc5 49. Qg5 Qa7 50. Qg7 Qa6 51. Qc7+ Qc6 52. b4+ cxb3 53. Qxc6+ Kxc6 54. Rg6 bxa2 55. Rxe6+ Kd7 56. Kb2 a1=Q+ 57. Kxa1 Kxe6 58. Kb2 b4 59. cxb4 axb4 60. Kb3 d4 61. Bf7+ Kxf7 62. exd4 Ke6 63. Kxb4 Kd5 64. Kc3 Ke4 65. Kc4 Kxf4 66. d5 Ke5 67. Kc5 f4 68. d6 f3 69. d7 Ke4 70. d8=Q Ke3 71. Qe7+ Kf2 72. Kd4 Kg1 73. Qe1+ Kg2 74. Ke3 1-0

[Event "DSAM Bad Wildungen 2024"]
[Site "Bad Wildungen"]
[Date "2024.08.02"]
[Round "4.24"]
[White "Frisch, Thomas"]
[Black "Boldt, Timo"]
[Result "0-1"]
[Annotator "NA"]
[ECO "E60"]
[WhiteElo "1792"]
[BlackElo "1801"]
[PlyCount "104"]
[EventDate "2024.07.31"]
[EventCountry "GER"]
[SourceTitle "playchess.com"]
[Source "ChessBase"]
[SourceQuality "1"]
[TimeControl "40/5400+30:900+30"]

1. d4 Nf6 2. Nf3 g6 3. g3 Bg7 4. Bg2 O-O 5. c4 c5 6. O-O cxd4 7. Nxd4 Nc6 8. Nxc6 dxc6 9. Qc2 Be6 10. b3 Bf5 11. Qd2 Ne4 12. Qf4 Qd6 13. Nd2 Qxf4 14. gxf4 Nxd2 15. Bxd2 Bxa1 16. Rxa1 Rfd8 17. Bb4 Rd7 18. e4 Be6 19. Kf1 a5 20. Bc3 Rd3 21. Rc1 Bg4 22. e5 Bf3 23. Bxf3 Rxf3 24. Ke2 Rh3 25. Be1 a4 26. b4 Rd8 27. b5 c5 28. Ba5 Rd4 29. Bb6 Re4+ 30. Kf1 Rxh2 31. Rc2 Rh4 32. Bxc5 Rhxf4 33. Bxe7 Rxc4 34. Rd2 Rfd4 35. Re2 Re4 36. Rd2 Rxe5 37. Bf6 Re8 38. Rd7 b6 39. Rb7 Rce4 40. Bc3 Rc8 41. Bd2 Re6 42. Be3 Rxe3 43. fxe3 Rc1+ 44. Ke2 Rc2+ 45. Kd3 Rxa2 46. Rxb6 a3 47. Ra6 Rb2 48. Kc4 a2 49. Kc5 h5 50. Kc6 h4 51. b6 h3 52. b7 h2 0-1